 Dungeon Crawl Stone Soup version 0.29-a0-451-gfbfa42419e (webtiles) character file.

Game seed: 7656014955547177424

86 xian the Conjurer (level 4, -4/33 HPs)
             Began as a Draconian Conjurer on May 19, 2022.
             Killed by divine providence
             ... invoked by an orc priest
              (15 damage)
             ... on level 3 of the Dungeon.
             The game lasted 00:06:54 (2338 turns).

xian the Conjurer (Draconian Conjurer)              Turns: 2338, Time: 00:06:55

Health: -4/33      AC: 11    Str:  9    XL:     4   Next: 27%
Magic:  7/8        EV: 12    Int: 21    God:
Gold:   156        SH:  0    Dex:  9    Spells: 2/8 levels left

rFire   . . .      SeeInvis .   k - +2 trident (freeze)
rCold   . . .      Faith    .   (no shield)
rNeg    . . .      Spirit   .   (body armour unavailable)
rPois   .          Reflect  .   (helmet restricted)
rElec   .          Harm     .   (no cloak)
rCorr   .          Rampage  .   q - +0 pair of gloves
Will    .....                   n - +0 pair of boots
Stlth   ++........              (no amulet)
HPRegen 0.11/turn               o - +4 ring of protection
MPRegen 0.11/turn               (no ring)

@: no status effects
A: AC +5, unfitting armour, cold-blooded
a: no special abilities


You were on level 3 of the Dungeon.
You visited 1 branch of the dungeon, and saw 3 of its levels.

You collected 156 gold pieces.

Inventory:

Hand Weapons
 k - a +2 trident of freezing (weapon)
Armour
 n - a +0 pair of boots (worn)
 q - a +0 pair of gloves (worn)
Jewellery
 o - a +4 ring of protection (left hand)
Scrolls
 b - a scroll of amnesia {unknown}
 d - a scroll of enchant weapon {unknown}
 e - a scroll of poison {unknown}
 f - 3 scrolls of identify
 i - a scroll of immolation
 j - a scroll of noise {unknown}
 p - a scroll of teleportation {unknown}
Potions
 a - a potion of magic
 c - a potion of haste {unknown}
 g - 2 potions of curing {unknown}
 h - a potion of brilliance {unknown}
 l - a potion of resistance {unknown}
 m - 2 potions of attraction {unknown}
 r - a potion of mutation {unknown}
 s - a potion of heal wounds {unknown}
 t - a potion of lignification {unknown}


   Skills:
 + Level 1.9 Dodging
 + Level 1.9 Stealth
 + Level 2.9 Spellcasting
 + Level 5.1 Conjurations


You had 2 spell levels left.
You knew the following spells:

 Your Spells              Type           Power      Damage    Failure   Level
a - Magic Dart            Conj           96%        1d7       1%          1
b - Searing Ray           Conj           48%        2d6       2%          2
c - Dazzling Flash        Conj/Hex       26%        N/A       14%         3

Your spell library contained the following spells:

 Spells                   Type           Power      Damage    Failure   Level
 Fulminant Prism          Conj/Hex       6%         3d7       43%         4
 Iskenderun's Mystic Bla  Conj/Tloc      13%        2d5       43%         4
 Fire Storm               Conj/Fire      6%         8d2       100%        9


Dungeon Overview and Level Annotations

Branches:
Dungeon (3/15)

Altars:
Wu Jian

Shops:
D:2 ((:


Innate Abilities, Weirdness & Mutations

Your plain brown scales are hard. (AC +5)
You cannot fit into any form of body armour.
You are cold-blooded and may be slowed by cold attacks.


Message History

Found 13 gold pieces.
You are confused.
You bump into the rock wall.
You bump into the rock wall.
A magic dart appears from out of thin air!
The magic dart hits you.
You bump into the rock wall.
An orc priest and an orc come into view.
You feel less confused.
The orc priest shouts!
The orc shouts!
You hear a shout! x2
A frilled lizard comes into view.
The orc moves out of view.
An orc comes into view. It is wielding a +0 falchion.
An orc comes into view. It is wielding a +0 flail.
The orc shouts!
The frilled lizard hisses angrily.
You hear a shout!
Something tries to affect you, but you resist.
You see here a +0 chain mail.
The orc priest attacks as you move away!
The orc priest barely misses you.
A magic dart appears from out of thin air!
The magic dart hits you but does no damage.
You closely miss something. The orc priest misses you.
You hear some strange, mumbled words.
Something tries to affect you, but you resist.
Something hits you.
The orc priest hits you with a +0 flail!
As you read the scroll labelled MESUYQ PETS, it crumbles to dust.
It is a scroll of identify.
i - 2 scrolls of immolation The orc priest misses you.
Something hits you but does no damage.
Unknown command.
Really read the scroll of immolation?
As you read the scroll of immolation, it crumbles to dust.
The creatures around you are filled with an inner flame!
The orc priest looks braver for a moment.
Something hits you but does no damage.
You barely miss the orc priest.
The orc priest calls down the wrath of Beogh upon you.
Beogh smites you!
You die... ...†....#.##....... ..... .#####.##.##....... ##.... ###..##.##....... #..... .......##....... ..... ###..#####....... ooo.

#..#####...[... #..
#............##
#.#######.[.....#####
#$olo@....#.#####
#########..)# ##)##
########.# #.[......#
#.#####..# #......#
#.###.## #.#


You could see an orc priest (inner flame), an orc (inner flame) and a frilled
lizard (inner flame).

Vanquished Creatures
  3 gnolls (D:3)
  An adder (D:3)
  2 dart slugs
  3 orcs (D:3)
  2 ball pythons (D:2)
  2 bats
  4 endoplasms
  2 giant cockroaches
  2 goblins
  3 hobgoblins
  5 jackals
  3 quokkas
  2 frilled lizards
  2 kobolds
  2 rats (D:2)
38 creatures vanquished.

Vanquished Creatures (others)
  A demonic plant (D:2)
  2 fungi (D:2)
  3 plants (D:2)
6 creatures vanquished.

Grand Total: 44 creatures vanquished

Notes
Turn   | Place    | Note
-------+----------+-------------------------------------------
     0 | D:1      | xian the Draconian Conjurer began the quest for the Orb.
     0 | D:1      | Reached XP level 1. HP: 14/14 MP: 3/3
   180 | D:1      | Reached XP level 2. HP: 20/20 MP: 0/5
   829 | D:1      | Got the Catalogue of Attacks
   958 | D:2      | Found Dogod's Book Shop.
  1257 | D:2      | Found a faded altar of an unknown god.
  1411 | D:2      | Found Fohinec's Antique Weapon Boutique.
  1534 | D:2      | Reached XP level 3. HP: 26/26 MP: 2/6
  1598 | D:2      | Found an ornate altar of the Wu Jian Council.
  1799 | D:2      | Found Noqukuga's Antique Weapon Shoppe.
  2061 | D:3      | Reached skill level 5 in Conjurations
  2195 | D:3      | Learned a level 2 spell: Searing Ray
  2199 | D:3      | Learned a level 3 spell: Dazzling Flash
  2244 | D:3      | Reached XP level 4. HP: 21/33 MP: 1/8
  2338 | D:3      | Killed from afar by an orc priest

Illustrated notes

Levels and vault maps discovered:
D:1:      minmay_arrival_four_loops, layout_loops_ring
D:2:      layout_basic, basic_altar, shapermc_ecumenical_altar_gd, serial_shops,
          shop_statue, shop, shop, minmay_distorted
D:3:      layout_loops_ring, minmay_misc_feat_room, uniq_crazy_yiuf_cottage,
          uniq_grinder

Skill      XL: |  1  2  3 |
---------------+----------+-----
Conjurations   | 5 |  5.1
Dodging        | |  1.9
Stealth        | |  1.9
Spellcasting   | |  2.9

Action                   |  1- 3 |  4- 6 || total
-------------------------+-------+-------++-------
Melee: Unarmed           |     4 |       ||     4
       Punch             |     1 |       ||     1
       Trident           |    34 |     8 ||    42
       Tailslap          |     2 |       ||     2
 Cast: Magic Dart        |    72 |     5 ||    77
  Use: Scroll            |       |     2 ||     2
Armor: Skin              |    17 |     6 ||    23
Dodge: Dodged            |    30 |     6 ||    36

Table legend: (Time is in decaauts)
 A = Elapsed time spent in this place.
 B = Non-inter-level travel time spent in this place.
 C = Inter-level travel time spent in this place.
 D = Time resting spent in this place.
 E = Time spent auto-exploring this place.
 F = Levels seen in this place.
 G = Mean time per level.
                   A        B        C        D        E       F      G
               +--------+--------+--------+--------+--------+-----+--------+
         Total |   2348 |   2334 |     14 |      0 |   1965 |   3 |  782.7 |
       Dungeon |   2348 |   2334 |     14 |      0 |   1965 |   3 |  782.7 |
               +--------+--------+--------+--------+--------+-----+--------+

Top non-repeatable levels by time:
     D:2: 995 daAuts
     D:1: 937 daAuts
     D:3: 415 daAuts
